ITL
TOPEKA TORNADOS @ TRENTON STARS
08/29/2027
 
TOP OF THE 1ST
Topeka Tornados batting - Pitching for Trenton Stars : LHP Joseph Byrne
Pitching: LHP Joseph Byrne
Batting: RHB Armando Méndez 0-0: Ball
1-0: Swinging Strike
1-1: Fly out, F7 (Line Drive, 7LS)
Batting: RHB Gabriel Santana 0-0: Called Strike
0-1: Ball
1-1: SINGLE (Line Drive, 56D)
Batting: RHB Don Thomas 0-0: Swinging Strike
0-1: Swinging Strike
0-2: Strikes out swinging
Batting: RHB Desi Thompson 0-0: SINGLE (Groundball, 6D)
Gabriel Santana to second
Batting: SHB Giancarlo Giannini 0-0: Ball
1-0: Called Strike
1-1: Foul Ball, location: 2F
1-2: Ball
2-2: Fielders Choice at 2nd, 4-6 (Groundball, 4)
Top of the 1st over - 0 run(s), 2 hit(s), 0 error(s), 1 left on base; Topeka 0 - Trenton 0
BOTTOM OF THE 1ST
Trenton Stars batting - Pitching for Topeka Tornados : RHP Todd Brewster
Pitching: RHP Todd Brewster
Batting: RHB George Reeves 0-0: Ball
1-0: Ball
2-0: Ground out 1-3 (Groundball, 15S)
Batting: RHB Felipe Olivas 0-0: Ball
1-0: Fly out, F9 (Flyball, 9S)
Batting: RHB Clancy Booker 0-0: Called Strike
0-1: Ball
1-1: Ball
2-1: Swinging Strike
2-2: Strikes out swinging
Bottom of the 1st over - 0 run(s), 0 hit(s), 0 error(s), 0 left on base; Topeka 0 - Trenton 0
TOP OF THE 2ND
Topeka Tornados batting - Pitching for Trenton Stars : LHP Joseph Byrne
Batting: SHB Javier Peña 0-0: Called Strike
0-1: Called Strike
0-2: Ball
1-2: Strikes out swinging
Batting: RHB Bob Hall 0-0: Ball
1-0: Called Strike
1-1: Ball
2-1: Ground out 5-3 (Groundball, 56S)
Batting: RHB Dave Henderson 0-0: Ball
1-0: Called Strike
1-1: Foul Ball, location: 2F
1-2: Ball
2-2: Strikes out swinging
Top of the 2nd over - 0 run(s), 0 hit(s), 0 error(s), 0 left on base; Topeka 0 - Trenton 0
BOTTOM OF THE 2ND
Trenton Stars batting - Pitching for Topeka Tornados : RHP Todd Brewster
Batting: RHB Rafael Canales 0-0: Ball
1-0: Ball
2-0: Foul Ball, location: 2F
2-1: Called Strike
2-2: Fly out, F7 (Flyball, 7)
Batting: SHB Nick Marshall 0-0: Ball
1-0: Called Strike
1-1: Foul Ball, location: 2F
1-2: Ball
2-2: Ground out 1-3 (Groundball, P)
Batting: RHB Jonas Uttley 0-0: Fly out, F9 (Flyball, 9)
Bottom of the 2nd over - 0 run(s), 0 hit(s), 0 error(s), 0 left on base; Topeka 0 - Trenton 0
TOP OF THE 3RD
Topeka Tornados batting - Pitching for Trenton Stars : LHP Joseph Byrne
Batting: LHB José López 0-0: Called Strike
0-1: Ground out 4-3 (Groundball, 34)
Batting: RHB Armando Méndez 0-0: Called Strike
0-1: Swinging Strike
0-2: SINGLE (Flyball, 78S)
Batting: RHB Gabriel Santana 0-0: Ball
1-0: Fly out, F9 (Flyball, 9LM)
Batting: RHB Don Thomas 0-0: Fly out, F7 (Line Drive, 7)
Top of the 3rd over - 0 run(s), 1 hit(s), 0 error(s), 1 left on base; Topeka 0 - Trenton 0
BOTTOM OF THE 3RD
Trenton Stars batting - Pitching for Topeka Tornados : RHP Todd Brewster
Batting: RHB Norris Howard 0-0: Ball
1-0: DOUBLE (Flyball, 78D)
Batting: RHB Gabriel Villegas 0-0: Ball
1-0: Ball
2-0: Foul Ball, location: 2F
2-1: Ball
3-1: Base on Balls
Batting: RHB Ángel Garza 0-0: Called Strike
0-1: Ball
1-1: Ball
2-1: Ball
3-1: TRIPLE (Line Drive, 89D)
Norris Howard scores
Gabriel Villegas scores
Batting: RHB George Reeves 0-0: Ball
1-0: SINGLE (Groundball, 56) (infield hit)
Ángel Garza scores
Batting: RHB Felipe Olivas 0-0: Ball
1-0: Ball
2-0: Swinging Strike
2-1: Swinging Strike
2-2: Ball
3-2: Strikes out swinging
George Reeves steals 2nd base
Batter strikes out.
Batting: RHB Clancy Booker 0-0: SINGLE (Flyball, 9LS)
George Reeves to third
Runner from 3rd tries for Home, SAFE, no throw
Batting: RHB Rafael Canales 0-0: Ball
1-0: Foul Ball, location: 2F
1-1: Fly out, F9 (Flyball, 9LD)
Batting: SHB Nick Marshall 0-0: Ball
1-0: Foul Ball, location: 2F
1-1: Called Strike
1-2: Ground out 2-3 (Groundball, 15S)
Bottom of the 3rd over - 4 run(s), 4 hit(s), 0 error(s), 1 left on base; Topeka 0 - Trenton 4
TOP OF THE 4TH
Topeka Tornados batting - Pitching for Trenton Stars : LHP Joseph Byrne
Batting: RHB Desi Thompson 0-0: Ball
1-0: Ball
2-0: Fly out, F9 (Flyball, 9)
Batting: SHB Giancarlo Giannini 0-0: Ball
1-0: Ball
2-0: SINGLE (Line Drive, 4D)
Batting: SHB Javier Peña 0-0: Called Strike
0-1: Ball
1-1: Ball
2-1: Called Strike
2-2: Strikes out swinging
Batting: RHB Bob Hall 0-0: Ball
1-0: Foul Ball, location: 2F
1-1: Fly out, F3 (Popup, 3S)
Top of the 4th over - 0 run(s), 1 hit(s), 0 error(s), 1 left on base; Topeka 0 - Trenton 4
BOTTOM OF THE 4TH
Trenton Stars batting - Pitching for Topeka Tornados : RHP Todd Brewster
Batting: RHB Jonas Uttley 0-0: Called Strike
0-1: Ball
1-1: Foul Ball, location: 2F
1-2: Ball
2-2: Fly out, F4 (Popup, 4S)
Batting: RHB Norris Howard 0-0: Called Strike
0-1: Foul Ball, location: 2F
0-2: Strikes out swinging
Batting: RHB Gabriel Villegas 0-0: Ball
1-0: Called Strike
1-1: Ground out 5-3 (Groundball, 56)
Bottom of the 4th over - 0 run(s), 0 hit(s), 0 error(s), 0 left on base; Topeka 0 - Trenton 4
TOP OF THE 5TH
Topeka Tornados batting - Pitching for Trenton Stars : LHP Joseph Byrne
Batting: RHB Dave Henderson 0-0: Called Strike
0-1: Swinging Strike
0-2: Foul Ball, location: 2F
0-2: Fly out, F7 (Flyball, 78M)
Batting: LHB José López 0-0: Foul Ball, location: 2F
0-1: Called Strike
0-2: Strikes out swinging
Batting: RHB Armando Méndez 0-0: Ball
1-0: SINGLE (Line Drive, 3)
Batting: RHB Gabriel Santana 0-0: SINGLE (Groundball, 6MD)
Armando Méndez to second
Runner from 2nd tries for 3rd, SAFE, no throw
Batting: RHB Don Thomas 0-0: 3-RUN HOME RUN (Flyball, 7D), Distance : 365 ft
Batting: RHB Desi Thompson 0-0: Foul Ball, location: 2F
0-1: Swinging Strike
0-2: Ball
1-2: SINGLE (Flyball, 7S)
Batting: SHB Giancarlo Giannini 0-0: Ball
1-0: Called Strike
1-1: Ball
2-1: Ball
3-1: SINGLE (Line Drive, 4MD)
Desi Thompson to second
Batting: SHB Javier Peña 0-0: Ball
1-0: Called Strike
1-1: Foul Ball, location: 2F
1-2: Strikes out swinging
Top of the 5th over - 3 run(s), 5 hit(s), 0 error(s), 2 left on base; Topeka 3 - Trenton 4
BOTTOM OF THE 5TH
Trenton Stars batting - Pitching for Topeka Tornados : RHP Todd Brewster
Batting: RHB Ángel Garza 0-0: Ball
1-0: Ball
2-0: Bunt missed!
2-1: Foul Ball, location: 2F
2-2: Fly out, F8 (Flyball, 8LM)
Batting: RHB George Reeves 0-0: Ball
1-0: Ground out 4-3 (Groundball, 4)
Batting: RHB Felipe Olivas 0-0: SINGLE (Line Drive, 7S)
Batting: RHB Clancy Booker 0-0: Ball
1-0: Called Strike
1-1: Ball
2-1: Ball
3-1: Base on Balls
Felipe Olivas to second
Batting: RHB Rafael Canales 0-0: Fielders Choice at 2nd, 6-4 (Groundball, 6)
Bottom of the 5th over - 0 run(s), 1 hit(s), 0 error(s), 1 left on base; Topeka 3 - Trenton 4
TOP OF THE 6TH
Topeka Tornados batting - Pitching for Trenton Stars : LHP Joseph Byrne
Batting: RHB Bob Hall 0-0: SOLO HOME RUN (Flyball, 7LD), Distance : 360 ft
Batting: RHB Dave Henderson 0-0: Ball
1-0: Fly out, F5 (Line Drive, 56)
Batting: LHB José López 0-0: Called Strike
0-1: Foul Ball, location: 2F
0-2: SINGLE (Flyball, 9LM)
Batting: RHB Armando Méndez 0-0: Ball
1-0: Foul Ball, location: 2F
1-1: Swinging Strike
1-2: Ball
2-2: Strikes out looking
Batting: RHB Gabriel Santana 0-0: Ball
1-0: Foul Ball, location: 2F
1-1: Fly out, F5 (Line Drive, 5)
Top of the 6th over - 1 run(s), 2 hit(s), 0 error(s), 1 left on base; Topeka 4 - Trenton 4
BOTTOM OF THE 6TH
Trenton Stars batting - Pitching for Topeka Tornados : RHP Todd Brewster
Batting: SHB Nick Marshall 0-0: Ball
1-0: Ball
2-0: Ground out 4-3 (Groundball, 4)
Batting: RHB Jonas Uttley 0-0: Foul Ball, location: 2F
0-1: Foul Ball, location: 2F
0-2: Ball
1-2: Ball
2-2: Foul Ball, location: 2F
2-2: Foul Ball, location: 2F
2-2: SINGLE (Line Drive, 8LS)
Pitching: LHP John Livingston
Batting: RHB Norris Howard 0-0: Ball
1-0: Ball
2-0: Called Strike
2-1: Ball
3-1: Foul Ball, location: 2F
3-2: Foul Ball, location: 2F
3-2: Base on Balls
Jonas Uttley to second
Batting: RHB Gabriel Villegas 0-0: Called Strike
0-1: 3-RUN HOME RUN (Flyball, 78XD), Distance : 421 ft
Batting: RHB Ángel Garza 0-0: Ground out 1-3 (Groundball, 13)
Batting: RHB George Reeves 0-0: Foul Ball, location: 2F
0-1: Ball
1-1: Ground out 5-3 (Groundball, 56S)
Bottom of the 6th over - 3 run(s), 2 hit(s), 0 error(s), 0 left on base; Topeka 4 - Trenton 7
TOP OF THE 7TH
Topeka Tornados batting - Pitching for Trenton Stars : LHP Joseph Byrne
Batting: RHB Don Thomas 0-0: Ball
1-0: Foul Ball, location: 2F
1-1: Called Strike
1-2: Ball
2-2: Foul Ball, location: 2F
2-2: Ball
3-2: Ground out 6-3 (Groundball, 56)
Batting: RHB Desi Thompson 0-0: Ball
1-0: Called Strike
1-1: Foul Ball, location: 2F
1-2: SOLO HOME RUN (Flyball, 7D), Distance : 467 ft
Pitching: RHP Jesús Martínez
Batting: SHB Giancarlo Giannini 0-0: Called Strike
0-1: Fly out, F3 (Popup, 34S)
Batting: SHB Javier Peña 0-0: Ball
1-0: Swinging Strike
1-1: Foul Ball, location: 2F
1-2: Strikes out swinging
Top of the 7th over - 1 run(s), 1 hit(s), 0 error(s), 0 left on base; Topeka 5 - Trenton 7
BOTTOM OF THE 7TH
Trenton Stars batting - Pitching for Topeka Tornados : LHP John Livingston
Batting: RHB Felipe Olivas 0-0: Swinging Strike
0-1: Ball
1-1: Ball
2-1: Swinging Strike
2-2: Ground out 6-3 (Groundball, 56)
Batting: RHB Clancy Booker 0-0: Foul Ball, location: 2F
0-1: Called Strike
0-2: Ball
1-2: Ball
2-2: Ball
3-2: Ground out 4-3 (Groundball, 4)
Batting: RHB Rafael Canales 0-0: Ball
1-0: Ball
2-0: Ground out 6-3 (Groundball, 6)
Bottom of the 7th over - 0 run(s), 0 hit(s), 0 error(s), 0 left on base; Topeka 5 - Trenton 7
TOP OF THE 8TH
Topeka Tornados batting - Pitching for Trenton Stars : RHP Jesús Martínez
Batting: RHB Bob Hall 0-0: Ball
1-0: Called Strike
1-1: Foul Ball, location: 2F
1-2: Strikes out looking
Batting: RHB Dave Henderson 0-0: Called Strike
0-1: Ground out 1-3 (Groundball, P)
Batting: LHB José López 0-0: Swinging Strike
0-1: Swinging Strike
0-2: Foul Ball, location: 2F
0-2: Foul Ball, location: 2F
0-2: Ball
1-2: Strikes out swinging
Top of the 8th over - 0 run(s), 0 hit(s), 0 error(s), 0 left on base; Topeka 5 - Trenton 7
BOTTOM OF THE 8TH
Trenton Stars batting - Pitching for Topeka Tornados : LHP John Livingston
Batting: SHB Nick Marshall 0-0: Ball
1-0: SINGLE (Line Drive, 9LS)
Batting: RHB Jonas Uttley 0-0: Ball
1-0: Foul Ball, location: 2F
1-1: Ball
2-1: SINGLE (Groundball, 56D)
Nick Marshall to second
Batting: RHB Norris Howard 0-0: Bunt missed!
0-1: Sac Bunt - play at first, batter OUT! 1-4
Nick Marshall to third
Jonas Uttley to second
Batting: RHB Gabriel Villegas 0-0: Swinging Strike
0-1: Ground out 6-3 (Groundball, 6)
Batting: RHB Ángel Garza 0-0: Foul Ball, location: 2F
0-1: Fly out, F6 (Flyball, 6D)
Bottom of the 8th over - 0 run(s), 2 hit(s), 0 error(s), 2 left on base; Topeka 5 - Trenton 7
TOP OF THE 9TH
Topeka Tornados batting - Pitching for Trenton Stars : RHP Jesús Martínez
Pitching: RHP Jonathan Booker
Batting: RHB Armando Méndez 0-0: Ball
1-0: Foul Ball, location: 2F
1-1: Ball
2-1: Swinging Strike
2-2: Foul Ball, location: 2F
2-2: Strikes out looking
Batting: RHB Gabriel Santana 0-0: Ball
1-0: Ball
2-0: Ball
3-0: Base on Balls
Batting: RHB Don Thomas 0-0: Ball
Wild Pitch!
Gabriel Santana to second
1-0: Swinging Strike
1-1: Foul Ball, location: 2F
1-2: Ball
2-2: Strikes out swinging
Batting: RHB Desi Thompson 0-0: Called Strike
0-1: Foul Ball, location: 2F
0-2: Ground out 3-1 (Groundball, 34S)
Top of the 9th over - 0 run(s), 0 hit(s), 0 error(s), 1 left on base; Topeka 5 - Trenton 7
Thursday, March 30th, 2017 - OOTP Baseball 17.12 Build 75